 Dungeon Crawl Stone Soup version 0.18-a0-19-g8b99b3a (webtiles) character file.

99 Raultor the Shield-Bearer (level 4, -1/28 HPs)
             Began as a Gargoyle Fighter on Nov 1, 2015.
             Slain by an iguana (6 damage)
             ... on level 4 of the Dungeon.
             The game lasted 00:05:32 (2228 turns).

Raultor the Shield-Bearer (Gargoyle Fighter)        Turns: 2228, Time: 00:05:32

Health: -1/28      AC: 11    Str: 21    XL:     4   Next: 72%
Magic:  4/4        EV:  7    Int:  8    God:
Gold:   207        SH:  9    Dex:  9    Spells: 0 memorised, 3 levels left

rFire  . . .     SeeInvis .     a - +0 flail
rCold  . . .     Clarity  .     b - +0 scale mail
rNeg   + . .     SustAt   .     c - +0 shield
rPois  ∞         Gourm    .     (no helmet)
rElec  +         Spirit   .     (no cloak)
rCorr  .         Warding  .     m - +0 pair of gloves
rMut   .         Stasis   .     (no boots)
MR     .....                    t - amulet of rage
Stlth  ..........               (no ring)
                                (no ring)

@: not resistant to hostile enchantments, extremely unstealthy
A: negative energy resistance 1, electricity resistance, unbreathing,
petrification resistance, rot immunity, AC +3
a: Evoke Berserk Rage


You were on level 4 of the Dungeon.
You were not hungry.

You visited 1 branch of the dungeon, and saw 4 of its levels.

You collected 207 gold pieces.

Inventory:

Hand Weapons
 a - a +0 flail (weapon)
Missiles
 i - a throwing net (quivered)
Armour
 b - a +0 scale mail (worn)
 c - a +0 shield (worn)
 m - a +0 pair of gloves (worn)
Jewellery
 t - an amulet of rage (around neck)
Scrolls
 f - a scroll of recharging {unknown}
 g - 5 scrolls of remove curse {unknown}
 j - 2 scrolls of enchant weapon {unknown}
 o - a scroll of teleportation {unknown}
 s - 2 scrolls of magic mapping {unknown}
 w - 2 scrolls of noise {unknown}
Potions
 d - 4 potions of might
 h - 3 potions of curing {unknown}
 l - 2 potions of heal wounds {unknown}
 p - a potion of agility {unknown}
 r - a potion of flight {unknown}
 u - a potion of degeneration {unknown}
 v - 2 potions of experience {unknown}
Comestibles
 e - 4 bread rations
 k - 2 meat rations
 q - 3 fruits


   Skills:
 - Level 3.2 Fighting
 * Level 3.3 Maces & Flails
 + Level 3.8 Armour
 + Level 4.5 Shields


You had 3 spell levels left.
You didn't know any spells.

Dungeon Overview and Level Annotations

Branches:
Dungeon (4/15)
 Temple: D:4-7

Altars:


Innate Abilities, Weirdness & Mutations

You are resistant to torment.
Your stone body is resilient (AC +3).
You are immune to poison.
You resist negative energy.
You are resistant to electric shocks.
You can survive without breathing.
You are immune to petrification.
You are immune to rotting.


Message History

Found 12 gold pieces.
The iguana bites you.
You hit the iguana but do no damage.
The iguana bites you but does no damage.
The iguana bites you!
You hit the iguana.
The iguana is lightly wounded.
You block the iguana's attack.
You closely miss the iguana.
The iguana is lightly wounded.
The iguana bites you!
You hit the iguana but do no damage.
The iguana is lightly wounded.
The iguana barely misses you.
You thump the iguana!
The iguana is heavily wounded.
The iguana bites you!
* * * LOW HITPOINT WARNING * * *
The iguana bites you.
You die...

# #.....##.#
#.#........# .
#.#.....####..
#............
####†#.....## #
#....#.....+ ..#
#.#..#.....###...#
#.#..#............
#.#..#....@l......
#.#............$..
#.#...............
#.#####...........
#.#############+##
#........<#
###########


You could see an iguana.

Vanquished Creatures
  3 adders
  An ooze (D:1)
  2 worms (D:2)
  2 giant geckos
  4 orcs (D:3)
  2 giant cockroaches (D:1)
  8 goblins
  4 hobgoblins
  7 jackals
  8 kobolds
  A quokka (D:2)
  2 ball pythons
  5 bats
  4 giant newts
  5 rats
58 creatures vanquished.

Notes
Turn   | Place    | Note
--------------------------------------------------------------
     0 | D:1      | Raultor the Gargoyle Fighter began the quest for the Orb.
     0 | D:1      | Reached XP level 1. HP: 14/14 MP: 1/1
   168 | D:1      | Reached XP level 2. HP: 19/19 MP: 2/2
   623 | D:1      | Reached skill level 4 in Shields
   734 | D:1      | Reached XP level 3. HP: 23/23 MP: 3/3
  1310 | D:2      | Reached XP level 4. HP: 28/28 MP: 4/4
  2228 | D:4      | Slain by an iguana

Vault maps used:
D:1:      dpeg_arrival_sounds_slurp, serial_bayou_pond_d
D:2:      kennysheep_cross_room
D:3:      first_bread, hex_tiny, hangedman_decor_diamond_cutter
D:4:      uniq_blork_the_orc, uniq_edmund

Action                   |  1- 3 |  4- 6 || total
-------------------------+-------+-------++-------
Melee: Flail             |   129 |    58 ||   187
 Abil: Evoke Berserk Rag |       |     1 ||     1
  Eat: Chunk             |     2 |     3 ||     5
